 Dungeon Crawl Stone Soup version 0.30-a0-760-g5a9884bb7c (webtiles) character file.

Game seed: 14643763449025347892

15 kae the Digger (level 2, -3/15 HPs)
             Began as a Gargoyle Earth Elementalist on Feb 10, 2023.
             Slain by Jessica
             ... wielding a +3 club
              (5 damage)
             ... on level 2 of the Dungeon.
             The game lasted 00:00:43 (489 turns).

kae the Digger (Gargoyle Earth Elementalist)         Turns: 489, Time: 00:00:43

Health: -3/15      AC:  4    Str: 10 (11) XL:     2   Next: 50%
Magic:  5/5        EV: 11    Int: 12 (15) God:
Gold:   16         SH:  0    Dex:  7 (10) Spells: 4/5 levels left

rFire   . . .      SeeInvis .    e - staff of death {!a}
rCold   . . .      Faith    .    (no shield)
rNeg    + + .      Spirit   .    a - +0 robe
rPois   ∞          Reflect  .    (no helmet)
rElec   +          Harm     .    (no cloak)
rCorr   .          Rampage  .    (no gloves)
Will    .....                    (no boots)
Stlth   +                        (no amulet)
HPRegen 0.22/turn                (no ring)
MPRegen 0.09/turn                (no ring)

@: silenced (expiring)
A: sickness immunity, AC +2, negative energy resistance 1, electricity
resistance, torment resistance 1, petrification resistance, deterioration 1
a: no special abilities


You were on level 2 of the Dungeon.
You visited 1 branch of the dungeon, and saw 2 of its levels.

You collected 16 gold pieces.


Innate Abilities, Weirdness & Mutations

You are immune to sickness and miasma.
Your stone body is resilient. (AC +2)
You are immune to poison.
You resist negative energy. (rN+)
You are resistant to electric shocks. (rElec)
You are resistant to unholy torment.
You are immune to petrification.
Your body sometimes deteriorates upon taking damage.


   Skills:
 - Level 1.5 Dodging
 - Level 2.1 Stealth
 + Level 2.3 Spellcasting
 + Level 0.2 Conjurations
 - Level 0.7 Transmutations
 + Level 4.2 Earth Magic


You had 4 spell levels left.
You knew the following spells:

 Your Spells              Type           Power      Damage    Failure   Level
a - Sandblast             Erth           22%        2d7       4%          1

Your spell library contained the following spells:

 Spells                   Type           Power      Damage    Failure   Level
 Passwall                 Tmut/Erth      5%         N/A       14%         2
 Stone Arrow              Conj/Erth      12%        3d7       32%         3
 Petrify                  Tmut/Erth      7%         N/A       67%         4

Inventory:

Missiles
 c - a stone
 i - 2 poisoned darts
Armour
 a - a +0 robe (worn)
Magical Staves
 e - a staff of death (weapon) {!a}
   (You found it on level 1 of the Dungeon)
Potions
 b - a potion of magic

Dungeon Overview and Level Annotations

Branches:
Dungeon (2/15) Zot: 11500

Altars:

Annotations:
D:2 Jessica

#### #...
###...###
#.......#
........###.#
.......@....#
###...@.#####
#....## ###.#
##


You could see Jessica.


Message History

You kill the hobgoblin! 😎 MP[-1]
You lost 1 mp, and now have 1/5 mp.
Casting: Sandblast (safe; 3% risk of failure)
Confirm with . or Enter, or press ? or * to list all spells.
Aiming: Sandblast (safe; 3% risk of failure)
Press: ? - help, Shift-Dir - straight line, f - kobold
Aim: a kobold, wielding a +0 short sword (77% to hit)
The blast of sand hits the kobold!
You kill the kobold! 😎 MP[-1]
You lost 1 mp, and now have 0/5 mp.
Casting: Sandblast (safe; 3% risk of failure)
Confirm with . or Enter, or press ? or * to list all spells.
You don't have enough magic to cast this spell.
Things that are here:
a +0 short sword; a kobold corpse; a hobgoblin corpse
i - 2 poisoned darts 😎 MP[+4]
You regained 4 mp, and now have 4/5 mp.
Things that are here:
a +0 short sword; a kobold corpse; a hobgoblin corpse Done exploring. 😎 MP[+1]
Your mp is fully restored (5).
Done exploring.
Done exploring.
Done exploring.
As you read the scroll labelled FAJO BIYNWUITU, it crumbles to dust.
A profound silence engulfs you.
It was a scroll of silence.
Unknown command.
Unknown command.
Done exploring.
Done exploring.
Done exploring.
(D) Dungeon
Where to? (? - help)
There is a stone staircase leading down here.
You climb downwards.
There is a stone staircase leading up here.
You climb upwards.
There is a stone staircase leading down here.
There is a stone staircase leading down here.
You climb downwards.
There is a stone staircase leading up here.
Really attack while wielding nothing?
Okay, then.
Really attack while wielding nothing? [Y]es or [N]o only, please.
Really attack while wielding nothing?
Okay, then.
Really attack while wielding nothing? [Y]es or [N]o only, please.
Really attack while wielding nothing?
Okay, then.
e - a staff of death (weapon)
{!a} Jessica barely misses you.
Really attack while wielding your staff of death {!a}? [Y]es or [N]o only, please.
Really attack while wielding your staff of death {!a}?
You hit Jessica.
Jessica hits you with a +3 club. 😕 HP[-1]
You take 1 damage, and now have 14/15 hp.
You barely miss Jessica. Jessica barely misses you. 😎 HP[+1]
Your hp is fully restored (15).
You hit Jessica but do no damage.
Jessica hits you with a +3 club! 😮 HP[-7]
You take 7 damage, and now have 8/15 hp.
MASSIVE DAMAGE!! (PAUSE)
You hit Jessica. Jessica hits you with a +3 club.
* * * LOW HITPOINT WARNING * * *
Jessica closely misses you. 😱 HP[-5]
You take 5 damage, and now have 3/15 hp.
MASSIVE DAMAGE!! (PAUSE) It was a potion of curing.
You feel better. Jessica hits you with a +3 club.
* * * LOW HITPOINT WARNING * * *
😨 HP[+4]
You regained 4 hp, and now have 7/15 hp.
It was a potion of mutation.
You feel extremely strange.
You feel yourself wasting away.
Your connection to magic feels subdued.
Your magic regains its normal vibrancy.
Jessica hits you with a +3 club.
* * * LOW HITPOINT WARNING * * *
😱 HP[-4]
You take 4 damage, and now have 3/15 hp.
MASSIVE DAMAGE!! (PAUSE) It was a potion of degeneration.
There was something very wrong with that liquid.
You feel weakened.
You feel dopey.
You feel clumsy. Jessica hits you with a +3 club.
* * * LOW HITPOINT WARNING * * *
😱 HP[-1]
You take 1 damage, and now have 2/15 hp.
Unknown command.
Magic scrolls do not work when you're silenced!
Okay, then.
You hit Jessica. Jessica hits you with a +3 club.
You die...

Skill      XL: |  1 |
---------------+----+-----
Earth Magic    | 4 |  4.2
Dodging        | |  1.5
Stealth        | |  2.1
Spellcasting   | |  2.3
Conjurations   | |  0.2
Transmutations | |  0.7

Action                     || total
---------------------------++-------
  Melee: Staff             ||     5
   Cast: Sandblast         ||    18
    Use: Potion            ||     3
         Scroll            ||     1
 Armour: Robe              ||     2
  Dodge: Dodged            ||     5

Levels and vault maps discovered:
D:1:      lemuel_arrival_behind_the_door_small, layout_rooms
D:2:      layout_loops_ring, uniq_jessica, uniq_crazy_yiuf_cottage

Notes
Turn   | Place    | Note
-------+----------+-------------------------------------------
     0 | D:1      | kae the Gargoyle Earth Elementalist began the quest for the
                  | Orb.
     0 | D:1      | Reached XP level 1. HP: 10/10 MP: 3/3
     0 | D:1      | magus.rc [v1.11.3]
   149 | D:1      | Reached skill level 4 in Earth Magic
   150 | D:1      | Reached XP level 2. HP: 15/15 MP: 1/5
   480 | D:2      | Noticed Jessica
   485 | D:2      | HP: 3/15 [Jessica/+3 club (5)]
   487 | D:2      | Gained mutation: Your body sometimes deteriorates upon
                  | taking damage. [potion of mutation]
   487 | D:2      | Gained mutation: Your spells are a little easier to cast,
                  | but a little less powerful. [potion of mutation]
   487 | D:2      | Lost mutation: Your spells are a little easier to cast, but
                  | a little less powerful. [potion of mutation]
   489 | D:2      | Slain by Jessica

Vanquished Creatures
  A dart slug (D:1)
  An endoplasm (D:1)
  2 goblins (D:1)
  2 hobgoblins (D:1)
  2 kobolds (D:1)
  A quokka (D:1)
  3 frilled lizards (D:1)
12 creatures vanquished.

Table legend:
 A = Non-vault XP
 B = Vault XP
 C = Vault XP percentage of total XP
 D = Non-vault monster count
 E = Vault monster count
 F = Vault count percentage of total count
                 A         B        C        D         E       F
            +---------+---------+-------+---------+---------+-------
      Total |      22 |       0 |   0.0 |      12 |       0 |   0.0
            +---------+---------+-------+---------+---------+-------
        D:1 |      22 |       0 |   0.0 |      12 |       0 |   0.0
            +---------+---------+-------+---------+---------+-------

Illustrated notes

Table legend:
 A = Kills in this place as a percentage of kills in entire the game.
 B = Kills by you in this place as a percentage of kills by you in the entire game.
 C = Kills by friends in this place as a percentage of kills by friends in the entire game.
 D = Other kills in this place as a percentage of other kills in the entire game.
 E = Experience gained in this place as a percentage of experience gained in the entire game.
 F = Experience gained in this place divided by the number of levels of this place that you have seen.
                   A       B       C       D       E      F
               +-------+-------+-------+-------+-------+----------------------
         Total | 100.0 | 100.0 |   N/A |   N/A | 100.0 |  11.0
       Dungeon | 100.0 | 100.0 |   N/A |   N/A | 100.0 |  11.0
               +-------+-------+-------+-------+-------+----------------------

Table legend: (Time is in decaauts)
 A = Elapsed time spent in this place.
 B = Non-inter-level travel time spent in this place.
 C = Inter-level travel time spent in this place.
 D = Time resting spent in this place.
 E = Time spent auto-exploring this place.
 F = Levels seen in this place.
 G = Mean time per level.
                   A        B        C        D        E       F      G
               +--------+--------+--------+--------+--------+-----+--------+
         Total |    498 |    482 |     16 |     28 |    374 |   2 |  249.0 |
       Dungeon |    498 |    482 |     16 |     28 |    374 |   2 |  249.0 |
               +--------+--------+--------+--------+--------+-----+--------+

Top non-repeatable levels by time:
     D:1: 487 daAuts
     D:2: 10 daAuts
